 Dungeon Crawl Stone Soup version 0.31.0-11-ge490571c62 (webtiles) character file.

Game seed: 17162410437700684566

20451 qw the Markself (level 12, -4/72 (76) HPs)
             Began as a Deep Elf Hunter on Feb 4, 2024.
             Was an Elder of Okawaru.
             Slain by a wolf (7 damage)
             ... on level 3 of the Lair of Beasts.
             The game lasted 00:01:41 (11961 turns).

qw the Markself (Deep Elf Hunter)                  Turns: 11961, Time: 00:01:42

HP:   -4/72 (76)    AC: 17    Str: 12    XL:     12   Next: 45%
MP:   18/18         EV: 15    Int: 21    God:    Okawaru [****..]
Gold: 182           SH:  0    Dex: 18    Spells: 11/11 levels left

rFire   + + .        n - +1 orcbow (freeze)
rCold   + . .        (shield currently unavailable)
rNeg    . . .        o - +6 scale mail of Responsibility {Int+5 SInv}
rPois   +            j - +0 helmet
rElec   +            r - +0 cloak
rCorr   .            g - +0 pair of gloves
SInv    +            (no boots)
Will    ++...        (no amulet)
Stlth   +            e - ring "Ybyovid" {rElec rF++ rC+ Will+}
HPRegen 0.32/turn    a - ring of poison resistance
MPRegen 0.16/turn

%: no passive effects
@: about to teleport, drained
A: no striking features
a: Renounce Religion, Heroism, Finesse


You were on level 3 of the Lair of Beasts.
You worshipped Okawaru.
Okawaru was greatly pleased with you.
You visited 3 branches of the dungeon, and saw 14 of its levels.

You collected 539 gold pieces.
You spent 357 gold pieces at shops.


   Skills:
 + Level 9.0 Fighting
 - Level 16.0 Ranged Weapons
 - Level 6.0 Armour
 - Level 13.1 Dodging
 - Level 1.2 Stealth
 + Level 6.4 Invocations


You had 11 spell levels left.
You didn't know any spells.
Your spell library was empty.

Inventory:

Hand Weapons
 n - a +1 orcbow of freezing (weapon)
Armour
 g - a +0 pair of gloves (worn)
 j - a +0 helmet (worn)
 o - the +6 scale mail of Responsibility (worn) {Int+5 SInv}
   (You found it on level 1 of the Lair of Beasts)

   Int+5:     It affects your intelligence (+5).
   SInv:      It lets you see invisible.
 r - a +0 cloak (worn)
Jewellery
 a - a ring of poison resistance (right hand)
 c - a ring of resist corrosion
 d - an amulet of guardian spirit
 e - the ring "Ybyovid" (left hand) {rElec rF++ rC+ Will+}
   (You acquired it on level 10 of the Dungeon)

   [ring of willpower]

   rF++:      It greatly protects you from fire.
   rC+:       It protects you from cold.
   rElec:     It insulates you from electricity.
   Will+:     It increases your willpower.
 Y - a +4 ring of protection
Wands
 h - a wand of light (2)
 m - a wand of charming (8)
 q - a wand of iceblast (6)
Scrolls
 p - a scroll of identify
Potions
 f - 2 potions of mutation
 i - 4 potions of curing
 l - 2 potions of enlightenment
 s - a potion of resistance

Dungeon Overview and Level Annotations

Branches:
Dungeon (10/15)            Temple (1/1) D:7            Lair (3/5) D:9
  Swamp: Lair:2-3    Shoals: Lair:2-3     Snake: Lair:2-3    Spider: Lair:2-3
    Orc: D:9-12

Altars:
Ashenzari
Cheibriados
Dithmenos
Elyvilon
Fedhas
Gozag
Hepliaklqana
Kikubaaqudgha
Makhleb
Nemelex Xobeh
Okawaru
Qazlal
Ru
Sif Muna
Trog
Uskayaw
Vehumet
Wu Jian
Xom
Yredelemnul
Zin
The Shining One

Shops:
D:2 ?   D:3 [   D:9 :([[

Annotations:
D:4 1 runed translucent door, qw's ghost, amateur SpHu
Lair:2 3 runed translucent doors, qw's ghost, journeyman SpHu


Message History

The culicivora draws strength from your injuries!
The culicivora bites you!
The culicivora draws strength from your injuries!
You shoot an arrow. The arrow hits the culicivora!
The arrow freezes the culicivora.
The culicivora is heavily wounded.
The wolf bites you. The culicivora bites you!
The culicivora draws strength from your injuries!
You shoot an arrow. The arrow misses the culicivora.
The wolf barely misses you. The culicivora bites you!
The culicivora draws strength from your injuries!
The wolf closely misses you.
You shoot an arrow. The arrow hits the culicivora.
The arrow freezes the culicivora.
The culicivora is moderately wounded.
The culicivora misses you. The wolf closely misses you.
The culicivora bites you but does no damage.
You shoot an arrow. The arrow barely misses the culicivora.
The wolf bites you!
The culicivora bites you but does no damage.
The wolf bites you.
11958 ||| READING scroll of teleportation.
As you read the scroll of teleportation, it crumbles to dust.
You feel strangely unstable. The culicivora barely misses you.
The wolf barely misses you. x2
The culicivora closely misses you.
You shoot an arrow. The arrow hits the culicivora.
The arrow freezes the culicivora.
The culicivora is moderately wounded.
The wolf bites you but does no damage. The culicivora barely misses you.
The wolf barely misses you.
You shoot an arrow. The arrow misses the culicivora.
The culicivora completely misses you. The wolf misses you.
The culicivora bites you!
The culicivora draws strength from your injuries!
You shoot an arrow. The arrow hits the culicivora!
The arrow freezes the culicivora.
The culicivora is severely wounded.
The wolf bites you!
You die...

# #.%.......
..# ##........
# #...#
#..#..######
#.....#
##.........+.
.....#
##P.........
.##.##
##...^..... #..
#......... ..#
#......... .#
##@#.##.#. .#
#...sh.......
#.
#.............
#..
#.#............
##.#......#..
^##......... .#
#......#.. ##
#.........


You could see a culicivora and a wolf.

Vanquished Creatures
  Harold (D:9)
  Erica (D:8)
  Pikel (D:7)
  A cyclops (D:8)
  7 elephants
  A black mamba (Lair:1)
  Joseph (D:7)
  4 cane toads
  A gargoyle (D:10)
  Maggie (D:7)
  2 komodo dragons
  5 rime drakes
  Jeremiah (D:7)
  A troll (D:9)
  2 polar bears (Lair:2)
  A hornet (D:10)
  Grinder (D:5)
  9 blink frogs
  7 yaks
  4 wyverns
  3 wraiths
  6 steam dragons
  A redback (Lair:3)
  6 water moccasins
  2 ice beasts
  2 orc warriors (D:7)
  A black bear (D:6)
  2 ogres
  15 wolves (Lair:1)
  4 centaurs
  2 phantoms
  3 kobold brigands
  A gnoll sergeant (D:10)
  Blork the orc (D:6)
  7 bullfrogs
  2 scorpions
  18 wights
  2 bombardier beetles
  2 jellies (D:6)
  3 hounds
  4 orc priests
  2 sleepcaps
  5 iguanas
  4 orc wizards
  11 hell rats
  Robin (D:2)
  11 gnolls
  7 adders
  4 river rats (D:5)
  3 white imps
  A dart slug (D:3)
  A ribbon worm (D:2)
  23 orcs
  4 ball pythons
  5 bats
  5 endoplasms
  2 giant cockroaches (D:3)
  16 goblins
  3 hobgoblins
  4 jackals (D:4)
  18 kobolds
  4 quokkas
  6 frilled lizards
  10 rats
289 creatures vanquished.

Vanquished Creatures (others)
  A shadow imp (D:8)
1 creature vanquished.

Grand Total: 290 creatures vanquished

Notes
Turn   | Place    | Note
-------+----------+-------------------------------------------
     0 | D:1      | qw the Deep Elf Hunter began the quest for the Orb.
     0 | D:1      | Reached XP level 1. HP: 12/12 MP: 3/3
     0 | D:1      | 0 ||| qw: Version: 0.3-a-160-g6735b56
     0 | D:1      | 0 ||| qw: Game counter: 4343
     0 | D:1      | 0 ||| qw: Melee chars always use a shield: true
     0 | D:1      | 0 ||| qw: God list: Okawaru
     0 | D:1      | 0 ||| qw: Allow faded altars: false
     0 | D:1      | 0 ||| qw: Do Orc after clearing Dungeon:15 true
     0 | D:1      | 0 ||| qw: Do second Lair branch before Depths: true
     0 | D:1      | 0 ||| qw: Lair rune preference: random
     0 | D:1      | 0 ||| qw: Goals: Normal
     0 | D:1      | 0 ||| PLANNING D:1-11
    15 | D:1      | You fall into a shaft and drop 1 floor!
   109 | D:2      | 109 ||| DROPPING scroll of butterflies.
   114 | D:2      | 114 ||| FLEEEEING.
   115 | D:2      | 115 ||| FLEEEEING.
   116 | D:2      | 116 ||| FLEEEEING.
   117 | D:2      | 117 ||| STAIRDANCE
   194 | D:1      | Reached skill level 6 in Ranged Weapons
   194 | D:1      | Reached XP level 2. HP: 16/16 MP: 4/4
   449 | D:1      | Found a faded altar of an unknown god.
   454 | D:1      | Reached XP level 3. HP: 20/20 MP: 5/5
   798 | D:1      | 798 ||| UPGRADING to +0 ring mail.
   808 | D:1      | 808 ||| DROPPING +0 leather armour.
   809 | D:1      | 809 ||| UPGRADING to +0 helmet.
   814 | D:1      | 814 ||| READING 2 scrolls labelled YDDI RUODEILOJ.
   814 | D:1      | 814 ||| IDENTIFYING sedimented golden potion
   815 | D:1      | 815 ||| DRINKING potion of experience.
   815 | D:1      | Reached skill level 14 in Ranged Weapons
   815 | D:1      | Reached XP level 4. HP: 25/25 MP: 6/6
   816 | D:1      | 816 ||| READING scroll of identify.
   816 | D:1      | 816 ||| IDENTIFYING metallic red potion
   817 | D:1      | 817 ||| READING scroll labelled DAPPIAQ NONY.
   818 | D:1      | 818 ||| READING scroll labelled TUUDYROB HIBRA.
   818 | D:1      | 818 ||| BRANDING +0 shortbow.
   819 | D:1      | 819 ||| READING scroll labelled JOILONN MAHEL.
   820 | D:1      | 820 ||| READING scroll labelled EQYMAN POLUID.
   820 | D:1      | 820 ||| ENCHANTING +0 heavy shortbow.
   821 | D:1      | 821 ||| DRINKING 2 smoky emerald potions.
   823 | D:1      | 823 ||| Stepping ~*~*~tactically~*~*~ (cloud).
   827 | D:1      | HP: 6/25 [poisoned by you (poison gas)]
   978 | D:2      | Found Ziorph's Magic Scroll Shop.
   988 | D:2      | 988 ||| SHOPLISTING scroll of acquirement (520 gold, have
                  | 46).
   988 | D:2      | 988 ||| SHOPLISTING scroll of enchant weapon (75 gold, have
                  | 46).
   988 | D:2      | 988 ||| BUYING scroll of identify (20 gold).
   988 | D:2      | Bought a scroll of identify for 20 gold pieces
   988 | D:2      | 988 ||| BUYING scroll of identify (20 gold).
   988 | D:2      | Bought a scroll of identify for 20 gold pieces
   988 | D:2      | 988 ||| SHOPLISTING scroll of identify (20 gold, have 6).
  1135 | D:2      | Noticed Robin
  1138 | D:2      | Killed Robin
  1157 | D:2      | Found a sparkling altar of Nemelex Xobeh.
  1304 | D:2      | Reached XP level 5. HP: 30/30 MP: 7/7
  1486 | D:2      | 1486 ||| READING 2 scrolls of identify.
  1486 | D:2      | 1486 ||| IDENTIFYING fuming black potion
  1487 | D:2      | 1487 ||| READING scroll of identify.
  1487 | D:2      | 1487 ||| IDENTIFYING scroll labelled LONUSA LAITULI
  1488 | D:2      | 1488 ||| READING 2 scrolls labelled AXIYSI ZIETTIM.
  1493 | D:2      | 1493 ||| READING scroll labelled BIAVUA KAPARGH.
  1494 | D:2      | 1494 ||| DROPPING scroll of revelation.
  1592 | D:3      | Reached skill level 3 in Dodging
  1694 | D:3      | Found Hythoadd's Antique Armour Shoppe.
  1705 | D:3      | 1705 ||| SHOPLISTING glowing helmet (180 gold, have 30).
  1705 | D:3      | 1705 ||| SHOPLISTING pair of boots (108 gold, have 30).
  1705 | D:3      | 1705 ||| SHOPLISTING scorched scale mail (216 gold, have
                  | 30).
  1705 | D:3      | 1705 ||| SHOPLISTING shiny ring mail (168 gold, have 30).
  1813 | D:3      | Found a stormy altar of Qazlal.
  1814 | D:3      | Found a hide-covered altar of Uskayaw.
  1904 | D:3      | Found an opulent altar of Gozag.
  1982 | D:3      | 1982 ||| UPGRADING to amulet of guardian spirit.
  1987 | D:3      | 1987 ||| READING scroll of identify.
  1987 | D:3      | 1987 ||| IDENTIFYING lumpy white potion
  1988 | D:3      | 1988 ||| READING scroll labelled GAUFUI XENN.
  2089 | D:3      | 2089 ||| DROPPING potion of berserk rage.
  2130 | D:4      | Reached skill level 1 in Armour
  2169 | D:4      | Reached XP level 6. HP: 30/36 MP: 6/8
  2274 | D:4      | Reached skill level 3 in Fighting
  2319 | D:4      | Found a runed translucent door.
  2319 | D:4      | Noticed qw's ghost (amateur SpHu)
  2483 | D:4      | 2483 ||| UPGRADING to ring of poison resistance.
  2484 | D:4      | 2484 ||| UPGRADING to ring of resist corrosion.
  2485 | D:4      | 2485 ||| READING scroll labelled IMIRPH RORCHOI.
  2486 | D:4      | 2486 ||| READING 2 scrolls labelled OTRIWE MUIHU.
  2537 | D:4      | 2537 ||| READING scroll labelled WYOSTRO ASUBOL.
  2538 | D:4      | 2538 ||| DROPPING scroll of torment.
  2565 | D:5      | Entered Level 5 of the Dungeon
  2808 | D:5      | Reached XP level 7. HP: 41/41 MP: 9/9
  2868 | D:5      | Noticed Grinder
  2869 | D:5      | Paralysed by Grinder for 2 turns
  2871 | D:5      | 2871 ||| DRINKING potion of haste.
  2877 | D:5      | Killed Grinder
  3066 | D:5      | Reached XP level 8. HP: 23/48 MP: 3/10
  3066 | D:5      | 3066 ||| FLEEEEING.
  3067 | D:5      | 3067 ||| FLEEEEING.
  3068 | D:5      | 3068 ||| FLEEEEING.
  3069 | D:5      | 3069 ||| FLEEEEING.
  3070 | D:5      | 3070 ||| FLEEEEING.
  3071 | D:5      | 3071 ||| FLEEEEING.
  3072 | D:5      | 3072 ||| FLEEEEING.
  3075 | D:5      | 3075 ||| FLEEEEING.
  3871 | D:6      | Reached skill level 6 in Dodging
  4104 | D:6      | Found an ornate altar of the Wu Jian Council.
  4104 | D:6      | Noticed Blork the orc
  4105 | D:6      | 4105 ||| SWAPPING to +0 orcbow.
  4110 | D:6      | Killed Blork the orc
  4111 | D:6      | Reached skill level 15 in Ranged Weapons
  4148 | D:6      | 4148 ||| DROPPING +1 heavy shortbow.
  4149 | D:6      | 4149 ||| READING scroll of brand weapon.
  4149 | D:6      | 4149 ||| BRANDING +0 orcbow.
  4244 | D:6      | HP: 10/48 [wight/+3 mace (9)]
  4245 | D:6      | 4245 ||| READING 3 scrolls of teleportation.
  4465 | D:6      | 4465 ||| READING scroll of enchant weapon.
  4465 | D:6      | 4465 ||| ENCHANTING +0 orcbow of draining.
  4720 | D:6      | 4720 ||| UPGRADING to +4 ring of protection.
  4722 | D:6      | 4722 ||| READING 2 scrolls of identify.
  4722 | D:6      | 4722 ||| IDENTIFYING scroll labelled XIZXEB QEOSM
  4723 | D:6      | 4723 ||| DROPPING scroll of vulnerability.
  4787 | D:7      | Reached skill level 16 in Ranged Weapons
  4822 | D:7      | Noticed Pikel
  4823 | D:7      | 4823 ||| RETREEEEATING.
  4824 | D:7      | 4824 ||| RETREEEEATING.
  4825 | D:7      | 4825 ||| RETREEEEATING.
  4826 | D:7      | 4826 ||| RETREEEEATING.
  4827 | D:7      | 4827 ||| RETREEEEATING.
  4828 | D:7      | 4828 ||| RETREEEEATING.
  4829 | D:7      | 4829 ||| RETREEEEATING.
  4830 | D:7      | 4830 ||| RETREEEEATING.
  4831 | D:7      | 4831 ||| RETREEEEATING.
  4840 | D:7      | Killed Pikel
  4841 | D:7      | Reached XP level 9. HP: 37/54 MP: 7/11
  5087 | D:7      | Found a staircase to the Ecumenical Temple.
  5088 | D:7      | 5088 ||| PLANNING TEMPLE
  5088 | D:7      | 5088 ||| UPGRADING to +0 pair of gloves.
  5093 | D:7      | 5093 ||| READING scroll of identify.
  5093 | D:7      | 5093 ||| IDENTIFYING bubbling golden potion
  5094 | D:7      | 5094 ||| DROPPING wand of flame (25).
  5107 | Temple   | Entered the Ecumenical Temple
  5108 | Temple   | 5108 ||| PLANNING D:1-11
  5195 | D:7      | 5195 ||| FLEEEEING.
  5196 | D:7      | 5196 ||| FLEEEEING.
  5197 | D:7      | 5197 ||| FLEEEEING.
  5198 | D:7      | 5198 ||| FLEEEEING.
  5199 | D:7      | 5199 ||| FLEEEEING.
  5200 | D:7      | 5200 ||| FLEEEEING.
  5203 | D:7      | 5203 ||| FLEEEEING.
  5281 | D:7      | Noticed Maggie
  5288 | D:7      | Killed Maggie
  5469 | D:7      | 5469 ||| FLEEEEING.
  5470 | D:7      | 5470 ||| FLEEEEING.
  5471 | D:7      | 5471 ||| FLEEEEING.
  5472 | D:7      | 5472 ||| FLEEEEING.
  5473 | D:7      | 5473 ||| FLEEEEING.
  5474 | D:7      | 5474 ||| FLEEEEING.
  5475 | D:7      | 5475 ||| FLEEEEING.
  5600 | D:7      | Noticed Jeremiah
  5604 | D:7      | 5604 ||| ZAPPING wand of light (7) at -5,-3 (Jeremiah;
                  | floor).
  5605 | D:7      | 5605 ||| ZAPPING wand of light (6) at -5,-3 (Jeremiah;
                  | floor).
  5607 | D:7      | 5607 ||| ZAPPING wand of light (5) at -4,-4 (Jeremiah;
                  | floor).
  5609 | D:7      | 5609 ||| ZAPPING wand of light (4) at -3,-4 (Jeremiah;
                  | floor).
  5610 | D:7      | 5610 ||| ZAPPING wand of light (3) at -3,-4 (Jeremiah;
                  | floor).
  5612 | D:7      | Killed Jeremiah
  5650 | D:7      | Noticed Joseph
  5651 | D:7      | 5651 ||| FLEEEEING.
  5654 | D:7      | 5654 ||| FLEEEEING.
  5655 | D:7      | 5655 ||| FLEEEEING.
  5656 | D:7      | 5656 ||| FLEEEEING.
  5657 | D:7      | 5657 ||| FLEEEEING.
  5669 | D:7      | Killed Joseph
  5670 | D:7      | Reached skill level 6 in Fighting
  5670 | D:7      | Reached XP level 10. HP: 35/61 MP: 7/12
  5855 | D:8      | Noticed a cyclops
  5863 | D:8      | Killed a cyclops
  5864 | D:8      | Reached skill level 3 in Armour
  5869 | D:8      | 5869 ||| FLEEEEING.
  5907 | D:8      | 5907 ||| STAIRDANCE
  5935 | D:8      | 5935 ||| STAIRDANCE
  6041 | D:8      | Noticed Erica
  6049 | D:8      | Killed Erica
  6050 | D:8      | Reached skill level 9 in Dodging
  6303 | D:8      | 6303 ||| Stepping ~*~*~tactically~*~*~ (cloud).
  6879 | D:8      | 6879 ||| READING scroll of identify.
  6879 | D:8      | 6879 ||| IDENTIFYING yellow potion
  6880 | D:8      | 6880 ||| DROPPING potion of degeneration.
  6932 | D:9      | 6932 ||| RETREEEEATING.
  7259 | D:9      | Noticed Harold
  7273 | D:9      | Killed Harold
  7408 | D:9      | Found Evil's Book Emporium.
  7476 | D:9      | Found Juvoteame's Antique Weapon Emporium.
  7483 | D:9      | 7483 ||| SHOPLISTING fine triple crossbow (375 gold, have
                  | 335).
  7483 | D:9      | 7483 ||| BUYING shimmering shortbow (200 gold).
  7483 | D:9      | Bought a shimmering shortbow for 200 gold pieces
  7483 | D:9      | Identified the +1 shortbow of Integrity {drain, rPois} (You
                  | bought it in a shop on level 9 of the Dungeon)
  7483 | D:9      | 7483 ||| DROPPING +1 shortbow of Integrity {drain, rPois}.
  7521 | D:9      | Found a snail-covered altar of Cheibriados.
  7555 | D:9      | Found Fuxzaud's Antique Armour Boutique.
  7563 | D:9      | 7563 ||| BUYING cloak (117 gold).
  7563 | D:9      | Bought a cloak for 117 gold pieces
  7563 | D:9      | 7563 ||| SHOPLISTING polished robe (148 gold, have 18).
  7565 | D:9      | Found Daogu's Armour Shoppe.
  7572 | D:9      | Reached XP level 11. HP: 68/68 MP: 13/13
  7577 | D:9      | 7577 ||| SHOPLISTING +1 scale mail of fire resistance (176
                  | gold, have 18).
  7577 | D:9      | 7577 ||| SHOPLISTING +2 leather armour of fire resistance
                  | (209 gold, have 18).
  7577 | D:9      | 7577 ||| SHOPLISTING +3 pair of gloves of the Hills
                  | {^Contam Regen+ rCorr Dex-2} (245 gold, have 18).
  7577 | D:9      | 7577 ||| SHOPLISTING +4 ring mail "Leyss" {Rampage rElec
                  | Will+ Regen+} (479 gold, have 18).
  8027 | D:9      | Found a staircase to the Lair.
  8057 | D:9      | 8057 ||| UPGRADING to +0 troll leather armour.
  8067 | D:9      | 8067 ||| DROPPING +0 ring mail.
  8068 | D:9      | 8068 ||| UPGRADING to +0 cloak.
  8103 | D:10     | Entered Level 10 of the Dungeon
  8117 | D:10     | Found an iron altar of Okawaru.
  8118 | D:10     | 8118 ||| PLANNING OKAWARU WORSHIP
  8124 | D:10     | Became a worshipper of Warmaster Okawaru
  8125 | D:10     | 8125 ||| PLANNING D:1-11
  8125 | D:10     | 8125 ||| REMOVING amulet of guardian spirit.
  8419 | D:10     | Found a sacrificial altar of Ru.
  8449 | D:10     | 8449 ||| RETREEEEATING.
  8451 | D:10     | 8451 ||| RETREEEEATING.
  8458 | D:10     | 8458 ||| RETREEEEATING.
  8460 | D:10     | 8460 ||| RETREEEEATING.
  8846 | D:10     | 8846 ||| PLANNING LAIR
  8846 | D:10     | 8846 ||| READING 2 scrolls of identify.
  8846 | D:10     | 8846 ||| IDENTIFYING bubbling silvery potion
  8847 | D:10     | 8847 ||| READING scroll of identify.
  8847 | D:10     | 8847 ||| IDENTIFYING grey potion
  8848 | D:10     | 8848 ||| READING scroll labelled ETUSOT JEDWACH.
  8848 | D:10     | Identified a scroll of acquirement
  8848 | D:10     | 8848 ||| ACQUIRING ring "Ybyovid" {rElec rF++ rC+ Will+}
  8848 | D:10     | Acquired the ring "Ybyovid" {rElec rF++ rC+ Will+}
  8850 | D:10     | 8850 ||| UPGRADING to ring "Ybyovid" {rElec rF++ rC+
                  | Will+}.
  8852 | D:10     | 8852 ||| DROPPING ring of ice.
  8853 | D:10     | 8853 ||| UPGRADING to ring of poison resistance.
  8855 | D:10     | 8855 ||| DROPPING potion of invisibility.
  8938 | Lair:1   | Entered Level 1 of the Lair of Beasts
  8943 | Lair:1   | 8943 ||| STAIRDANCE
  8944 | Lair:1   | 8944 ||| RETREEEEATING.
  8945 | Lair:1   | 8945 ||| RETREEEEATING.
  8946 | Lair:1   | 8946 ||| RETREEEEATING.
  8947 | Lair:1   | 8947 ||| RETREEEEATING.
  8948 | Lair:1   | 8948 ||| RETREEEEATING.
  8949 | Lair:1   | 8949 ||| RETREEEEATING.
  8960 | Lair:1   | Reached * piety under Okawaru
  8964 | Lair:1   | Reached skill level 12 in Dodging
  8964 | Lair:1   | Reached skill level 1 in Invocations
  9054 | Lair:1   | Reached skill level 3 in Invocations
  9058 | Lair:1   | Identified the +6 scale mail of Responsibility {Int+5 SInv}
  9093 | Lair:1   | 9093 ||| RETREEEEATING.
  9094 | Lair:1   | 9094 ||| RETREEEEATING.
  9095 | Lair:1   | 9095 ||| RETREEEEATING.
  9096 | Lair:1   | 9096 ||| RETREEEEATING.
  9097 | Lair:1   | 9097 ||| RETREEEEATING.
  9098 | Lair:1   | 9098 ||| RETREEEEATING.
  9099 | Lair:1   | 9099 ||| RETREEEEATING.
  9100 | Lair:1   | 9100 ||| RETREEEEATING.
  9101 | Lair:1   | 9101 ||| RETREEEEATING.
  9102 | Lair:1   | 9102 ||| RETREEEEATING.
  9109 | Lair:1   | Reached ** piety under Okawaru
  9139 | Lair:1   | 9139 ||| RETREEEEATING.
  9140 | Lair:1   | 9140 ||| RETREEEEATING.
  9143 | Lair:1   | 9143 ||| RETREEEEATING.
  9144 | Lair:1   | 9144 ||| RETREEEEATING.
  9145 | Lair:1   | 9145 ||| RETREEEEATING.
  9146 | Lair:1   | 9146 ||| RETREEEEATING.
  9147 | Lair:1   | 9147 ||| RETREEEEATING.
  9149 | Lair:1   | 9149 ||| RETREEEEATING.
  9150 | Lair:1   | 9150 ||| RETREEEEATING.
  9151 | Lair:1   | 9151 ||| RETREEEEATING.
  9152 | Lair:1   | 9152 ||| RETREEEEATING.
  9153 | Lair:1   | 9153 ||| RETREEEEATING.
  9255 | Lair:1   | 9255 ||| READING scroll of brand weapon.
  9255 | Lair:1   | 9255 ||| BRANDING +1 orcbow of draining.
  9276 | Lair:1   | 9276 ||| RETREEEEATING.
  9282 | Lair:1   | Reached skill level 9 in Fighting
  9329 | Lair:1   | Reached *** piety under Okawaru
  9487 | Lair:1   | 9487 ||| RETREEEEATING.
  9488 | Lair:1   | 9488 ||| RETREEEEATING.
  9489 | Lair:1   | 9489 ||| RETREEEEATING.
  9490 | Lair:1   | 9490 ||| RETREEEEATING.
  9491 | Lair:1   | 9491 ||| RETREEEEATING.
  9492 | Lair:1   | 9492 ||| RETREEEEATING.
  9493 | Lair:1   | 9493 ||| RETREEEEATING.
  9494 | Lair:1   | 9494 ||| RETREEEEATING.
  9495 | Lair:1   | 9495 ||| RETREEEEATING.
  9496 | Lair:1   | 9496 ||| RETREEEEATING.
  9501 | Lair:1   | 9501 ||| RETREEEEATING.
  9906 | Lair:1   | 9906 ||| UPGRADING to +6 scale mail of Responsibility
                  | {Int+5 SInv}.
  9916 | Lair:1   | 9916 ||| DROPPING +0 troll leather armour.
  9935 | Lair:2   | 9935 ||| RETREEEEATING.
  9936 | Lair:2   | 9936 ||| RETREEEEATING.
  9937 | Lair:2   | 9937 ||| RETREEEEATING.
  9938 | Lair:2   | 9938 ||| RETREEEEATING.
  9939 | Lair:2   | 9939 ||| RETREEEEATING.
  9940 | Lair:2   | 9940 ||| RETREEEEATING.
  9941 | Lair:2   | 9941 ||| RETREEEEATING.
  9942 | Lair:2   | 9942 ||| INVOKING Heroism.
  9946 | Lair:2   | 9946 ||| RETREEEEATING.
  9947 | Lair:2   | 9947 ||| RETREEEEATING.
  9948 | Lair:2   | 9948 ||| RETREEEEATING.
  9949 | Lair:2   | 9949 ||| RETREEEEATING.
  9950 | Lair:2   | 9950 ||| RETREEEEATING.
  9951 | Lair:2   | 9951 ||| RETREEEEATING.
  9952 | Lair:2   | 9952 ||| RETREEEEATING.
  9953 | Lair:2   | 9953 ||| RETREEEEATING.
  9954 | Lair:2   | 9954 ||| RETREEEEATING.
  9964 | Lair:2   | Reached XP level 12. HP: 45/76 MP: 17/17
  9994 | Lair:2   | HP: 15/76 [elephant (14)]
  9995 | Lair:2   | 9995 ||| READING 3 scrolls of teleportation.
  9995 | Lair:2   | HP: 5/76 [elephant (11)]
  9997 | Lair:2   | Reached **** piety under Okawaru
 10425 | Lair:2   | Found a frozen archway.
 10829 | Lair:2   | Found a runed translucent gate.
 10829 | Lair:2   | Found a runed translucent gate.
 10829 | Lair:2   | Found a runed translucent gate.
 10831 | Lair:2   | Noticed qw's ghost (journeyman SpHu)
 11213 | Lair:2   | 11213 ||| DROPPING ring of protection from cold.
 11226 | Lair:3   | 11226 ||| STAIRDANCE
 11261 | Lair:3   | 11261 ||| STAIRDANCE
 11401 | Lair:3   | 11401 ||| STAIRDANCE
 11415 | Lair:2   | HP: 14/58 [hell rat (10)]
 11416 | Lair:2   | 11416 ||| READING 2 scrolls of teleportation.
 11631 | Lair:3   | 11631 ||| STAIRDANCE
 11639 | Lair:2   | 11639 ||| INVOKING Finesse.
 11640 | Lair:2   | 11640 ||| INVOKING Finesse.
 11641 | Lair:2   | 11641 ||| INVOKING Heroism.
 11724 | Lair:3   | 11724 ||| STAIRDANCE
 11750 | Lair:3   | 11750 ||| STAIRDANCE
 11756 | Lair:2   | Reached skill level 6 in Invocations
 11779 | Lair:3   | 11779 ||| STAIRDANCE
 11888 | Lair:3   | Reached skill level 6 in Armour
 11957 | Lair:3   | HP: 11/72 [wolf (9)]
 11958 | Lair:3   | 11958 ||| READING scroll of teleportation.
 11960 | Lair:3   | HP: 3/72 [culicivora (7)]
 11961 | Lair:3   | Slain by a wolf

Levels and vault maps discovered:
D:1:      amcnicky_arrival_feature_with_door, layout_basic,
          shapermc_ecumenical_altar_venn, minmay_tromino_mix6
D:2:      layout_loops_ring, serial_shops, shop, basic_altar, uniq_robin
D:3:      layout_rooms, gammafunk_temple_overflow_pools,
          mainiacjoe_overflow_alcove_2, serial_shops, nicolae_lakefront_shop
D:4:      layout_rooms, gammafunk_ghost_grave, serial_park_tiny_1
D:5:      wad_woods_tower, layout_layer_cave, nicolae_letterblocks
          [nicolae_letter_subblock, nicolae_letter_subblock,
          nicolae_letter_subblock, nicolae_letter_subblock,
          nicolae_letter_subblock, nicolae_letter_subblock,
          nicolae_letter_subblock, nicolae_letter_subblock,
          nicolae_letter_subblock, nicolae_letter_subblock,
          nicolae_letter_subblock, nicolae_letter_subblock,
          nicolae_letter_subblock, nicolae_letter_subblock,
          nicolae_letter_subblock, nicolae_letter_subblock,
          nicolae_letter_subblock, nicolae_letter_subblock,
          nicolae_letter_subblock, nicolae_letter_subblock,
          nicolae_letter_subblock, nicolae_letter_subblock,
          nicolae_letter_subblock, nicolae_letter_subblock,
          nicolae_letter_subblock], uniq_grinder
D:6:      layout_basic, mainiacjoe_overflow_24_doors, uniq_blork_the_orc
D:7:      layout_gridville, minmay_temple_entry_gardened_gates, uniq_pikel,
          uniq_maggie, uniq_jeremiah, uniq_joseph
D:8:      layout_basic, minmay_fountain_box, uniq_erica
D:9:      layout_irregular_city, chei_slow_surprise, lair_entry_dummy,
          serial_shops, nicolae_square_shop, nicolae_square_shop,
          nicolae_shop_tiny_real_fake_doors, nicolae_shop_trees,
          chequers_avenue, st_stairs_3, uniq_harold
D:10:     layout_irregular_city, okawaru_gym_becter,
          nicolae_overflow_crystal_walls
Temple:   hellmonk_temple_two_chambers
Lair:1:   layout_small_grid, ldierk_geyser, serial_bayou_shore_a,
          lemuel_fruit_tree
Lair:2:   layout_hall_layers, portal_ice_cave_rime, ebering_ghost_rock_garden,
          minmay_holes, grunt_megastairs_4
Lair:3:   layout_chaotic_city, elwin_shoals_entry_stream,
          nicolae_spider_entry_tight_spaces, grunt_megastairs_5

Skill      XL: |  1  2  3  4  5  6  7  8  9 10 11 12 |
---------------+-------------------------------------+-----
Ranged Weapons | 6 14 16 | 16.0
Fighting       | 2 3 5 6 8 9 |  9.0
Dodging        | 3 4 5 6 8 10 13 | 13.1
Armour         | 1 2 3 6 |  6.0
Invocations    | 4 6 |  6.4
Stealth        | |  1.2

Action                     |  1- 3 |  4- 6 |  7- 9 | 10-12 || total
---------------------------+-------+-------+-------+-------++-------
   Fire: Shortbow          |    34 |   121 |    72 |       ||   227
         Orcbow            |       |       |   179 |   784 ||   963
 Invoke: Heroism           |       |       |       |     2 ||     2
         Finesse           |       |       |       |     1 ||     1
  Evoke: Wand              |       |       |     5 |       ||     5
    Use: Scroll            |     1 |    14 |     5 |     8 ||    28
         Potion            |     1 |     1 |     1 |       ||     3
 Armour: Leather armour    |     1 |       |       |       ||     1
         Ring mail         |       |    11 |    60 |    55 ||   126
         Troll leather arm |       |       |       |    84 ||    84
         Scale mail        |       |       |       |   163 ||   163
  Dodge: Dodged            |       |    11 |    48 |   433 ||   492

Table legend:
 A = Non-vault XP
 B = Vault XP
 C = Vault XP percentage of total XP
 D = Non-vault monster count
 E = Vault monster count
 F = Vault count percentage of total count
                 A         B        C        D         E       F
            +---------+---------+-------+---------+---------+-------
      Total |   22471 |    6687 |  22.9 |     245 |      45 |  15.5
            +---------+---------+-------+---------+---------+-------
        D:1 |      35 |       7 |  16.7 |      16 |       4 |  20.0
        D:2 |      74 |      34 |  31.5 |      13 |      12 |  48.0
        D:3 |     103 |       0 |   0.0 |      20 |       0 |   0.0
        D:4 |     304 |       0 |   0.0 |      14 |       0 |   0.0
        D:5 |     514 |     353 |  40.7 |      13 |       7 |  35.0
        D:6 |    1123 |      90 |   7.4 |      19 |       1 |   5.0
        D:7 |    1230 |    1874 |  60.4 |      24 |       4 |  14.3
        D:8 |    1755 |     823 |  31.9 |      29 |       1 |   3.3
        D:9 |    1822 |    1379 |  43.1 |      24 |       3 |  11.1
       D:10 |    2006 |       0 |   0.0 |      14 |       0 |   0.0
     Lair:1 |    7691 |       0 |   0.0 |      34 |       0 |   0.0
     Lair:2 |    4706 |    1946 |  29.3 |      19 |      12 |  38.7
     Lair:3 |    1108 |     181 |  14.0 |       6 |       1 |  14.3
            +---------+---------+-------+---------+---------+-------
